 Dungeon Crawl Stone Soup version 0.26-a0-34-g9e0bf03589 (webtiles) character file.

Game seed: 1782874348916784114, levelgen mode: deterministic

234 RaHiT the Skirmisher (level 6, -2/55 HPs)
             Began as a Ghoul Monk on May 29, 2020.
             Slain by an orc
             ... wielding a +0 flail
              (9 damage)
             ... on level 3 of the Dungeon.
             The game lasted 00:09:35 (2830 turns).

RaHiT the Skirmisher (Ghoul Monk)                   Turns: 2830, Time: 00:09:36

Health: -2/55      AC:  6    Str: 17    XL:     6   Next: 5%
Magic:  5/5        EV: 11    Int:  5    God:
Gold:   229        SH:  0    Dex: 11    Spells: 5/5 levels left

rFire    . . .     SeeInvis .     - Unarmed
rCold    + . .     Gourm    .   (no shield)
rNeg     + + +     Faith    .   i - +0 ring mail
rPois    ∞         Spirit   .   (no helmet)
rElec    .         Reflect  .   (no cloak)
rCorr    .         Harm     .   m - +0 pair of gloves
MR       .....                  (no boots)
Stlth    +.........             (no amulet)
HPRegen  0.00/turn              (no ring)
MPRegen  0.09/turn              (no ring)

@: rotting
A: rotting body, claws 1, carnivore, cold resistance 1, negative energy
resistance 3, inhibited regeneration, torment resistance, unbreathing
a: no special abilities


You were on level 3 of the Dungeon.
You were not hungry.

You visited 1 branch of the dungeon, and saw 4 of its levels.

You collected 229 gold pieces.

Inventory:

Missiles
 h - 4 poisoned darts (quivered)
 p - 4 boomerangs
Armour
 f - a +0 helmet
 i - a +0 ring mail (worn)
 m - a +0 pair of gloves (worn)
Scrolls
 a - a scroll of teleportation
 j - a scroll of magic mapping
 o - a scroll of blinking {unknown}
Potions
 c - 2 potions of resistance
 d - a potion of stabbing
 e - a potion of cancellation {unknown}
 g - 2 potions of curing
 k - a potion of flight {unknown}
 n - a potion of heal wounds {unknown}
Comestibles
 b - 7 rations
 l - a chunk of flesh


   Skills:
 + Level 4.8 Fighting
 + Level 2.6 Armour
 - Level 3.0 Dodging
 - Level 2.1 Stealth
 + Level 4.8 Unarmed Combat


You had 5 spell levels left.
You didn't know any spells.
Your spell library was empty.

Dungeon Overview and Level Annotations

Branches:
Dungeon (4/15)
 Temple: D:4-7

Altars:
Okawaru
Trog
The Shining One


Innate Abilities, Weirdness & Mutations

Your body is rotting away.
You thrive on raw meat.
You are immune to poison.
You have sharp fingernails.
You are carnivorous and can eat meat at any time.
Your flesh is cold resistant. (rC+)
You are immune to negative energy. (rN+++)
You do not regenerate when monsters are visible.
You are immune to unholy pain and torment.
You can survive without breathing.


Message History

The orc hits you but does no damage.
You hit the worker ant.
The worker ant is severely wounded.
The worker ant bites you but does no damage.
The orc barely misses you. The orc hits you with a +0 short sword.
* * * LOW HITPOINT WARNING * * *
The worker ant closely misses you.
You barely miss the worker ant.
The worker ant is severely wounded.
You feel yourself speed up. The orc hits you but does no damage.
The worker ant barely misses you. The orc closely misses you.
You hit the worker ant.
You kill the worker ant!
You have reached level 6!
Your experience leads to an increase in your attributes!
Increase (S)trength, (I)ntelligence, or (D)exterity?
You feel stronger. The orc hits you with a +0 flail!
You die...

.....#.# #.# #.#
####.#.# #.# #.#
.......####.# #.#
####...)....# #.#
#################
#.#
................#
#.#
###############.#
#.# #
#o########.# #
#o@).......#
############


You could see 2 orcs.

Vanquished Creatures
  Natasha (D:2)
  An iguana (D:3)
  A worker ant (D:3)
  Robin (D:3)
  4 adders
  A shadow imp (D:3)
  4 worms (D:2)
  A dart slug (D:1)
  3 orcs (D:3)
  4 giant cockroaches
  19 goblins
  8 hobgoblins
  4 jackals (D:2)
  14 kobolds
  2 ball pythons
  5 bats
  5 frilled lizards
  11 rats
89 creatures vanquished.

Notes
Turn   | Place    | Note
-------+----------+-------------------------------------------
     0 | D:1      | RaHiT the Ghoul Monk began the quest for the Orb.
     0 | D:1      | Reached XP level 1. HP: 19/19 MP: 0/0
   184 | D:1      | Reached XP level 2. HP: 26/26 MP: 1/1
   579 | D:1      | Reached skill level 1 in Armour
   579 | D:1      | Reached XP level 3. HP: 29/31 MP: 2/2
  1051 | D:2      | Reached XP level 4. HP: 40/40 MP: 3/3
  1167 | D:2      | Found an iron altar of Okawaru.
  1168 | D:2      | Found a bloodstained altar of Trog.
  1487 | D:2      | Noticed Natasha
  1499 | D:2      | Killed Natasha
  1499 | D:2      | Reached XP level 5. HP: 27/47 MP: 4/4
  2154 | D:3      | Found a glowing golden altar of the Shining One.
  2420 | D:3      | Noticed Robin
  2476 | D:3      | Killed Robin
  2830 | D:3      | Reached XP level 6. HP: 7/55 MP: 5/5
  2830 | D:3      | Slain by an orc

Illustrated notes

Levels and vault maps discovered:
D:1:      ebering_hopf_link, layout_loops_cross, chequers_serial_rivers_large_a,
          minmay_3d_cube
D:2:      layout_loops_ring, gammafunk_temple_overflow_statue,
          minmay_tree_intersection, kennysheep_nub, uniq_natasha
D:3:      layout_loops_ring, tso_metal_star, uniq_robin
D:4:      layout_rooms, minmay_temple_entry_glassed_door, first_ration,
          uniq_grinder

Skill      XL: |  1  2  3  4 |
---------------+-------------+-----
Armour         | 1 2 |  2.6
Dodging        | 3 |  3.0
Fighting       | 4 |  4.8
Unarmed Combat | 4 |  4.8
Stealth        | |  2.1

Action                   |  1- 3 |  4- 6 || total
-------------------------+-------+-------++-------
Melee: Unarmed           |   145 |   233 ||   378
       Punch             |     1 |     4 ||     5
Throw: Dart              |     5 |    25 ||    30
  Use: Scroll            |     3 |     3 ||     6
       Potion            |       |     3 ||     3
  Eat: Chunk             |    10 |    17 ||    27
Armor: Robe              |     6 |       ||     6
       Ring mail         |    25 |    75 ||   100
Dodge: Dodged            |    81 |   150 ||   231

Table legend:
 A = Non-vault XP
 B = Vault XP
 C = Vault XP percentage of total XP
 D = Non-vault monster count
 E = Vault monster count
 F = Vault count percentage of total count
                 A         B        C        D         E       F
            +---------+---------+-------+---------+---------+-------
      Total |     258 |      77 |  23.0 |      73 |      16 |  18.0
            +---------+---------+-------+---------+---------+-------
        D:1 |      44 |       5 |  10.2 |      25 |       3 |  10.7
        D:2 |      89 |      36 |  28.8 |      26 |       1 |   3.7
        D:3 |     125 |      36 |  22.4 |      22 |      12 |  35.3
            +---------+---------+-------+---------+---------+-------
